 Dungeon Crawl Stone Soup version 0.28-a0-247-gb8bfbab023 (webtiles) character file.

Game seed: 6908470848505026887

505 speeev33 the Chopper (level 7, -14/66 HPs)
             Began as a Hill Orc Fighter on Aug 25, 2021.
             Blown up by Pikel (18 damage)
             ... with a mindburst bolt
             ... on level 3 of the Dungeon.
             The game lasted 00:09:04 (4140 turns).

speeev33 the Chopper (Hill Orc Fighter)             Turns: 4140, Time: 00:09:05

Health: -14/66     AC:  6    Str: 21    XL:     7   Next: 18%
Magic:  0/7        EV:  7    Int:  8    God:
Gold:   160        SH:  8    Dex: 10    Spells: 6/6 levels left

rFire   + . .      SeeInvis .   a - +1 war axe
rCold   . . .      Faith    .   c - +0 kite shield
rNeg    . . .      Spirit   +   b - +0 scale mail
rPois   .          Reflect  .   (no helmet)
rElec   .          Harm     .   (no cloak)
rCorr   .          Rampage  .   (no gloves)
Will    .....                   (no boots)
Stlth   ..........              j - amulet of guardian spirit
HPRegen 0.21/turn               i - ring of protection from fire
MPRegen 0.10/turn               (no ring)

@: no status effects
A: no striking features
a: no special abilities


You were on level 3 of the Dungeon.
You visited 1 branch of the dungeon, and saw 4 of its levels.

You collected 160 gold pieces.

Inventory:

Hand Weapons
 a - a +1 war axe (weapon)
 o - a +0 flail
Missiles
 h - 7 poisoned darts (quivered)
Armour
 b - a +0 scale mail (worn)
 c - a +0 kite shield (worn)
Jewellery
 i - a ring of protection from fire (left hand)
 j - an amulet of guardian spirit (around neck)
Wands
 q - a wand of flame (9)
Scrolls
 g - 3 scrolls of teleportation
 l - a scroll of amnesia {unknown}
 m - a scroll of torment
 p - a scroll of noise {unknown}
Potions
 e - 2 potions of flight
 f - a potion of mutation
 k - a potion of lignification {unknown}
 n - a potion of curing {unknown}
 r - a potion of attraction {unknown}


   Skills:
 + Level 7.2 Fighting
 + Level 7.3 Axes
 - Level 3.2 Armour
 - Level 3.2 Shields


You had 6 spell levels left.
You didn't know any spells.
Your spell library contained the following spells:

 Spells                   Type           Power      Damage    Failure   Level
 Conjure Flame            Conj/Fire      0%         6-21      100%        3
 Ignite Poison            Fire/Tmut/Pois 0%         N/A       100%        3
 Sticky Flame             Conj/Fire      0%         2d3       100%        4


Dungeon Overview and Level Annotations

Branches:
Dungeon (4/15)
 Temple: D:4-7

Altars:

Shops:
D:3 [

Annotations:
D:3 Pikel


Message History

There is a stone staircase leading down, spattered with blood here.
You climb downwards.
Level annotation: Pikel Pikel zaps a wand.
You struggle to resist.
There is a stone staircase leading up, spattered with blood here.
Pikel barely misses you.
You barely miss Pikel. You block Pikel's attack.
You completely miss Pikel.
Pikel hits you with a +2 whip of freezing.
Pikel freezes you. You block Pikel's attack.
You barely miss Pikel.
Pikel zaps a wand.
Your mind is blasted!
You slash Pikel!
Pikel is moderately wounded.
Pikel says, "You'll feel the lick of my whip!"
You block Pikel's attack. x2
You closely miss Pikel.
Pikel is moderately wounded.
Pikel barely misses you.
You slash Pikel!
Pikel is heavily wounded.
Pikel hits you with a +2 whip of freezing.
Pikel freezes you.
You barely miss Pikel.
Pikel is heavily wounded.
You block Pikel's attack. x2
You barely miss Pikel.
Pikel is heavily wounded.
Pikel hits you with a +2 whip of freezing.
Pikel freezes you.
You miss Pikel.
Pikel is heavily wounded.
Pikel zaps a wand.
Your mind is blasted!
* * * LOW HITPOINT WARNING * * *
Pikel zaps a wand.
You struggle to resist.
There is a stone staircase leading up, spattered with blood here.
You block Pikel's attack.
You climb upwards.
There is a stone staircase leading down, spattered with blood here.
Pikel zaps a wand.
Your mind is blasted!
You die...

###.#########.# #.# #.#
#.#########.#
#.#.......#.#
#.##..#.#.#.####
#.#...#.#.#....#
#######.#..##.#.#....#####
#.......#..##.#.#....#....
#......K>@...........)....
#..........##.#<#.####.###
######...####.###.####.#
#........#........#
#.#.######.#.########
#.#........#...#.....
#.#.#########.##.####
#.#...#######.##.#...
#.#..................


You could see Pikel.

Vanquished Creatures
  An ogre (D:4)
  4 lemures (D:3)
  2 scorpions
  Jessica (D:3)
  Natasha (thrice) (D:4)
  An iguana (D:4)
  6 adders
  A shadow imp (D:3)
  A worm (D:2)
  2 dart slugs
  15 orcs
  8 ball pythons
  9 endoplasms
  A giant cockroach (D:2)
  11 goblins
  8 hobgoblins
  3 quokkas
  7 bats
  A frilled lizard (D:1)
  9 kobolds
  4 rats
98 creatures vanquished.

Notes
Turn   | Place    | Note
-------+----------+-------------------------------------------
     0 | D:1      | speeev33 the Hill Orc Fighter began the quest for the Orb.
     0 | D:1      | Reached XP level 1. HP: 19/19 MP: 1/1
   195 | D:1      | Reached XP level 2. HP: 27/27 MP: 2/2
   237 | D:1      | Found a faded altar of an unknown god.
   827 | D:2      | Reached XP level 3. HP: 34/34 MP: 3/3
   952 | D:2      | Reached XP level 4. HP: 34/41 MP: 4/4
  1167 | D:2      | Reached skill level 5 in Fighting
  1307 | D:3      | Noticed Jessica
  1314 | D:3      | Killed Jessica
  1509 | D:3      | Reached skill level 5 in Axes
  1516 | D:3      | Reached XP level 5. HP: 48/48 MP: 5/5
  2005 | D:3      | Found Xuniul's Armour Shoppe.
  2558 | D:4      | Reached XP level 6. HP: 57/57 MP: 6/6
  2859 | D:4      | Noticed Natasha
  2871 | D:4      | Killed Natasha
  3207 | D:4      | Noticed Natasha
  3242 | D:4      | Killed Natasha
  3246 | D:4      | Reached XP level 7. HP: 45/66 MP: 7/7
  3625 | D:4      | Noticed Natasha
  3633 | D:4      | Killed Natasha
  3808 | D:4      | Noticed Pikel
  4135 | D:4      | HP: 3/66 [disintegration (17)]
  4140 | D:3      | Blown up by Pikel

Illustrated notes

Levels and vault maps discovered:
D:1:      scummos_arrival_forest, layout_basic,
          shapermc_ecumenical_altar_hornbeckon
D:2:      layout_rooms
D:3:      layout_basic, serial_shops, shop, uniq_jessica
D:4:      wander_river, layout_basic, minmay_temple_entry_glass,
          kennysheep_generic_room_5, uniq_pikel, uniq_natasha

Skill      XL: |  1  2  3  4  5  6 |
---------------+-------------------+-----
Axes           | 3 4 5 7 |  7.3
Fighting       | 4 5 6 7 |  7.2
Armour         | |  3.2
Shields        | |  3.2

Action                   |  1- 3 |  4- 6 |  7- 9 || total
-------------------------+-------+-------+-------++-------
Melee: War axe           |    70 |   164 |    53 ||   287
Throw: Dart              |       |     7 |       ||     7
  Use: Potion            |       |     1 |     2 ||     3
       Scroll            |       |     9 |       ||     9
Armor: Scale mail        |    52 |    73 |    19 ||   144
Dodge: Dodged            |    35 |    57 |    19 ||   111
Block: Kite shield       |    44 |    72 |    26 ||   142

Table legend: (Time is in decaauts)
 A = Elapsed time spent in this place.
 B = Non-inter-level travel time spent in this place.
 C = Inter-level travel time spent in this place.
 D = Time resting spent in this place.
 E = Time spent auto-exploring this place.
 F = Levels seen in this place.
 G = Mean time per level.
                   A        B        C        D        E       F      G
               +--------+--------+--------+--------+--------+-----+--------+
         Total |   4328 |   4228 |    100 |    972 |   1875 |   4 | 1082.0 |
       Dungeon |   4328 |   4228 |    100 |    972 |   1875 |   4 | 1082.0 |
               +--------+--------+--------+--------+--------+-----+--------+

Top non-repeatable levels by time:
     D:3: 1670 daAuts
     D:4: 1320 daAuts
     D:1: 702 daAuts
     D:2: 636 daAuts
